 Dungeon Crawl Stone Soup version 0.31-a0-364-gb59cdcccf2 (webtiles) character file.

Game seed: 17112002681689797063

102704 Flugkiller the Dancer (level 15, -3/123 HPs)
             Began as a Demonspawn Shapeshifter on July 27, 2023.
             Was a High Priest of Uskayaw.
             Killed from afar by a rakshasa (illusionary) (9 damage)
             ... with a lance of force
             ... while petrified by Jorgrun
             ... on level 15 of the Dungeon.
             The game lasted 00:24:41 (19220 turns).

Flugkiller the Dancer (Demonspawn Shapeshifter)    Turns: 19220, Time: 00:24:42

Health: -3/123     AC: 24    Str: 23    XL:     15   Next: 87%
Magic:  26/26      EV:  2    Int:  6    God:    Uskayaw [*****.]
Gold:   1669       SH:  0    Dex: 27    Spells: 14/14 levels left

rFire   . .          .
                       - Unarmed
rCold   . . .        (no shield)
rNeg    + + +        D - +9 plate armour of Xotesut {rN+ Str+3 Int-4 Dex+5}
rPois   ∞            (helmet currently unavailable)
rElec   .            (cloak currently unavailable)
rCorr   .            (gloves unavailable)
SInv    .            (boots unavailable)
Will    +....        G - amulet of regeneration Stlth
                     k - +6 ring of dexterity
HPRegen 1.20/turn    o - ring of poison resistance
MPRegen 0.20/turn

%: no passive effects
@: beast-form, petrified
A: beast (slay +7), claws 3, hooves 3, horns 2, powered by death 3, spiny 1
a: Begin Untransformation, Renounce Religion, Stomp, Line Pass, Grand Finale


You were on level 15 of the Dungeon.
You worshipped Uskayaw.
Uskayaw was pleased with you.
You were a hulking beast.
You visited 3 branches of the dungeon, and saw 21 of its levels.
You visited the Abyss 1 time.
You also visited: Gauntlet and Ice Cave.

You collected 1957 gold pieces.
You spent 288 gold pieces at shops.

Inventory:

Hand Weapons
 a - the +2 dire flail of Ucwiorysm {freeze, rN++ Str-2}
   (You found it on level 14 of the Dungeon)

   Str:       It affects your strength (-2).
   rN:        It greatly protects you from negative energy.
Missiles
 x - 5 throwing nets
Armour
 D - the +9 plate armour of Xotesut (worn) {rN+ Str+3 Int-4 Dex+5}
   (You found it on level 9 of the Dungeon)

   Str:       It affects your strength (+3).
   Int:       It affects your intelligence (-4).
   Dex:       It affects your dexterity (+5).
   rN:        It protects you from negative energy.
 F - the +1 hat of Ryodemon {rPois Regen+ Str+2}
   (You found it in a Gauntlet)

   Str:       It affects your strength (+2).
   rPois:     It protects you from poison.
   Regen:     It increases your rate of health regeneration.
 M - a +0 cloak of preservation
   (You found it in a Gauntlet)
 S - a +3 troll leather armour {Snorg}
   (You found it on level 5 of the Lair of Beasts)
Jewellery
 i - a ring of see invisible
   (You found it on level 4 of the Lair of Beasts)
 k - a +6 ring of dexterity (left claw)
   (You found it on level 1 of the Dungeon)
 m - a ring of willpower
   (You found it on level 10 of the Dungeon)
 o - a ring of poison resistance (right claw)
   (You found it on level 4 of the Dungeon)
 p - a ring of protection from cold
   (You took it off an orc on level 11 of the Dungeon)
 u - the amulet of Zamal {Spirit rC++ Int-4}
   (You found it on level 3 of the Dungeon)

   [amulet of guardian spirit]

   It causes incoming damage to be divided between your reserves of health and
   magic.
   Int:       It affects your intelligence (-4).
   rC:        It greatly protects you from cold.
 E - a ring of fire
   (You found it on level 9 of the Dungeon)
 G - an amulet of regeneration (around neck)
   (You found it in an ice cave)
Talismans
 c - a beast talisman
Wands
 l - a wand of digging (3)
   (You found it on level 5 of the Lair of Beasts)
 A - a wand of flame (16)
   (You found it on level 11 of the Dungeon)
 C - a wand of mindburst (20)
   (You found it on level 2 of the Lair of Beasts)
 I - a wand of iceblast (27)
   (You found it in a Gauntlet)
 K - a wand of quicksilver (10)
   (You found it in a Gauntlet)
Scrolls
 b - 3 scrolls of immolation
 e - a scroll of revelation
 f - 3 scrolls of poison
 j - 3 scrolls of silence
 r - 3 scrolls of identify
 s - 3 scrolls of fog
 t - 11 scrolls of teleportation
 v - 3 scrolls of vulnerability
 y - a scroll of fear
 z - 5 scrolls of blinking
 O - 2 scrolls of enchant armour
 P - 2 scrolls of torment
Potions
 d - 4 potions of might
 g - 6 potions of mutation
 h - 4 potions of haste
 n - 2 potions of resistance
 q - 8 potions of curing
 w - a potion of heal wounds
 B - a potion of invisibility
 H - a potion of berserk rage
 J - 2 potions of enlightenment
 L - 2 potions of lignification
 N - 2 potions of ambrosia
 R - 6 potions of brilliance


   Skills:
 - Level 13.0 Fighting
 - Level 11.0 Armour
 + Level 8.7 Dodging
 - Level 13.0 Unarmed Combat
 - Level 15.0 Invocations
 - Level 10.0 Shapeshifting


You had 14 spell levels left.
You didn't know any spells.
Your spell library contained the following spells:

 Spells                   Type           Power      Damage    Failure   Level
 Kiss of Death            Conj/Necr      0%         2d5       99%         1
 Magic Dart               Conj           0%         1d3       99%         1
 Necrotise                Necr           0%         1d4       99%         1
 Shock                    Conj/Air       0%         1d3       99%         1
 Sting                    Tmut/Pois      0%         1d3       99%         1
 Summon Small Mammal      Summ           0%         N/A       99%         1
 Call Imp                 Summ           0%         N/A       100%        2
 Poisonous Vapours        Pois/Air       0%         N/A       100%        2
 Call Canine Familiar     Summ           0%         N/A       100%        3
 Confusing Touch          Hex            0%         N/A       100%        3
 Mephitic Cloud           Conj/Pois/Air  0%         N/A       100%        3
 Summon Guardian Golem    Hex/Summ       0%         N/A       100%        3
 Swiftness                Air            0%         N/A       100%        3
 Vampiric Draining        Necr           0%         2d6       100%        3
 Airstrike                Air            0%         2d(0-16)  100%        4
 Anguish                  Hex/Necr       0%         N/A       100%        4
 Animate Armour           Summ/Erth      0%         N/A       100%        4
 Animate Dead             Necr           0%         N/A       100%        4
 Cause Fear               Hex            0%         N/A       100%        4
 Dispel Undead            Necr           0%         3d6       100%        4
 Olgreb's Toxic Radiance  Pois           0%         N/A       100%        4
 Passage of Golubria      Tloc           0%         N/A       100%        4
 Summon Ice Beast         Ice/Summ       0%         N/A       100%        4
 Summon Lightning Spire   Summ/Air       0%         N/A       100%        4
 Agony                    Necr           0%         N/A       100%        5
 Freezing Cloud           Conj/Ice/Air   0%         6-21      100%        5
 Lee's Rapid Deconstruct  Erth           0%         3d4*      100%        5
 Silence                  Hex/Air        0%         N/A       100%        5
 Simulacrum               Ice/Necr       0%         N/A       100%        6
 Enfeeble                 Hex            0%         N/A       100%        7
 Haunt                    Necr/Summ      0%         N/A       100%        7
 Infestation              Necr           0%         N/A       100%        8
 Lehudib's Crystal Spear  Conj/Erth      0%         10d2      100%        8
 Polar Vortex             Ice            0%         N/A       100%        9


Dungeon Overview and Level Annotations

Branches:
Dungeon (15/15) Zot: 26709  Temple (1/1) D:6 Zot: 5985    Lair (5/5) D:10 Zot: 24669
  Swamp (0/4) Lair:3        Snake (0/4) Lair:3        Slime (0/5) Lair:5
    Orc (0/2) D:11         Vaults (0/5) D:14          IceCv (visited)
Gauntlet (visited)
 Depths: D:15

Altars:
Ashenzari
Cheibriados
Dithmenos
Fedhas
Gozag
Hepliaklqana
Kikubaaqudgha
Makhleb
Nemelex Xobeh
Okawaru
Qazlal
Ru
Sif Muna
Trog
Uskayaw
Vehumet
Wu Jian
Xom
Yredelemnul

Shops:
D:1 :   D:4 *   D:7 [   D:9 ?**[*   D:12 (

Annotations:
D:5 2 transporters, bmj180's ghost, novice MfIE
D:6 exclusion: downstairs
D:15 Jorgrun


Innate Abilities, Weirdness & Mutations

You are a hulking beast.
Your limbs bulge with bestial killing power. (Slay +7)
You are immune to poison.
You have claws for hands.
You have hooves in place of feet.
You have a pair of horns on your head.
You regenerate a lot of health from kills.
You are partially covered in sharp spines.


Message History

The white ugly thing basks in the mutagenic energy from its kin and changes!
You mangle the purple ugly thing!! You kick the purple ugly thing!
The purple ugly thing is heavily wounded.
Uskayaw will force your foes to share their pain.
Uskayaw links your audience in an emotional bond!
You claw the purple ugly thing!
You kill the white ugly thing!
The white ugly thing's corpse shimmers and vanishes!
You kick the purple ugly thing!
You kill the purple ugly thing!
The injured rakshasa weaves a defensive illusion!
The rakshasa blinks!
You barely miss the rakshasa. Your claw misses the rakshasa.
The rakshasa is severely wounded.
Some rock shatters into small pieces.
A great orb of eyes comes into view.
The rakshasa blinks! x2
The rakshasa gestures at you.
The lance of force hits you but does no damage.
Okay, then.
Jorgrun barely misses you.
You scratch Jorgrun. You headbutt Jorgrun!
You kill the rakshasa!
The rakshasa shimmers and vanishes!
You claw Jorgrun!
Jorgrun is moderately wounded.
The great orb of eyes gazes at you.
You suddenly lose the ability to move!
You can now merge with and destroy a victim.
Jorgrun gestures at you while chanting.
You are slowing down.
The rakshasa is no longer sharing its pain. x2
Jorgrun hits you but does no damage. The rakshasa is struck by your spines.
The rakshasa hits you with a +0 whip. The great orb of eyes bites you!
The rakshasa hits you but does no damage.
Your limbs are stiffening.
Jorgrun is no longer sharing his pain.
Jorgrun hits you with a +0 heavy quarterstaff.
The rakshasa gestures at you. The lance of force hits you!!
You are knocked back by the lance of force.
You slam into the rock wall!
The great orb of eyes is struck by your spines.
The great orb of eyes bites you! The rakshasa hits you with a +0 whip!
You can move again.
You have turned to stone.
The rakshasa hits you with a +0 whip.
The great orb of eyes barely misses you.
The rakshasa gestures at you. The lance of force hits you!
You are knocked back by the lance of force.
You collide with Jorgrun!
Jorgrun is moderately wounded.
Jorgrun is struck by your spines. Jorgrun hits you but does no damage.
The rakshasa gestures at you.
The lance of force hits you but does no damage.
The great orb of eyes bites you but does no damage.
The rakshasa gestures at you. The lance of force hits you!
You are knocked back by the lance of force.
You collide with Jorgrun!
Jorgrun is moderately wounded.
Jorgrun hits you with a +0 heavy quarterstaff!
The rakshasa hits you but does no damage.
The great orb of eyes bites you! The rakshasa is struck by your spines.
The rakshasa hits you but does no damage.
The rakshasa gestures at you. The lance of force hits you!
You are knocked back by the lance of force.
You slam into the rock wall!
The great orb of eyes bites you but does no damage.
The rakshasa gestures at you. The lance of force hits you!!
You are knocked back by the lance of force.
You collide with Jorgrun!
Jorgrun is heavily wounded.
Jorgrun hits you with a +0 heavy quarterstaff.
The rakshasa gestures at you. The lance of force hits you.
You are knocked back by the lance of force.
You slam into the rock wall!
The great orb of eyes bites you but does no damage.
The rakshasa gestures at you. The lance of force hits you!!
* * * LOW HITPOINT WARNING * * *
You are knocked back by the lance of force.
You collide with Jorgrun!
Jorgrun is severely wounded.
The rakshasa hits you but does no damage.
The great orb of eyes gazes at you.
Your mind is blasted!
* * * LOW HITPOINT WARNING * * *
The rakshasa hits you but does no damage.
Jorgrun gestures at you while chanting. The entropic shot hits you!!
* * * LOW HITPOINT WARNING * * *
Jorgrun hits you with a +0 heavy quarterstaff!
* * * LOW HITPOINT WARNING * * *
The rakshasa gestures at you. The lance of force hits you!!
You die...

#........# ##.##
#........# ##..$##
#........# #...R.#
#........# .u...
#........# .u.
#........# #.# .......##
##'# ##.....# ##g.#
#.....#########hG####.#
##.....#.......R†R.....#
.......#.#####.#########
.......#.# #.#
..######.# #.# ..#
#.##.# ### #.#.# ####.##
#.....#


You could see Jorgrun, a great orb of eyes and 2 rakshasas.

Vanquished Creatures
  Frances (D:13)
  A quicksilver ooze (Gauntlet)
  Nessos (D:13)
  A minotaur (Gauntlet)
  3 dire elephants (Lair:5)
  Snorg (Lair:5)
  The ghost of initializr the Ogre Mage, a journeyman OgIE of Ashenzari (D:9)
  Fannar (D:10)
  5 vault guards (D:14)
  6 hydras
  Harold (D:10)
  A hell beast (Gauntlet)
  2 centaur warriors
  2 catoblepae
  2 two-headed ogres
  2 boulder beetles (D:12)
  A tengu warrior (D:14)
  7 death yaks
  A thrashing horror (Abyss:2)
  Amaemon (Lair:1)
  A spectral anaconda (Lair:5)
  2 spectral death yaks (Lair:5)
  A fire crab (Gauntlet)
  An obsidian statue (Lair:5)
  2 bog bodies (Lair:3)
  2 wizards (D:14)
  4 necromancers (Lair:5)
  A deep elf pyromancer (D:9)
  An orc sorcerer (D:14)
  7 cyclopes
  An oklob plant (Lair:2)
  9 manticores
  24 elephants (Lair:5)
  4 ice statues
  20 ugly things
  Maurice (D:13)
  7 black mambas
  A dire elephant zombie (Lair:5)
  A torpor snail (Lair:5)
  A smoke demon (Abyss:2)
  An orange demon (Lair:1)
  11 cane toads
  5 gargoyles
  An unseen horror (D:11)
  2 kobold demonologists
  12 komodo dragons
  2 anaconda simulacra (IceCv)
  A dire elephant skeleton (Lair:5)
  Psyche (D:10)
  8 rime drakes
  A tengu conjurer (D:14)
  2 freezing wraiths
  2 ice devils (Lair:1)
  3 polar bears
  3 trolls
  20 blink frogs
  2 hornets
  A dream sheep (Lair:4)
  2 spectral elephants (Lair:5)
  A small abomination (Abyss:2)
  3 flying skulls (Gauntlet)
  8 wyverns
  3 vampires
  2 wraiths
  A shadow (D:12)
  3 humans (D:14)
  A water elemental (D:15)
  68 yaks
  9 basilisks
  2 steam dragons (D:9)
  A death yak simulacrum (IceCv)
  4 fire bats (Gauntlet)
  6 nagas (Lair:3)
  Menkaure (D:6)
  2 spectral cane toads (Lair:5)
  4 acid dragons
  15 water moccasins
  A hell hound (Gauntlet)
  5 orc warriors
  A sky beast (D:7)
  A swamp drake (D:11)
  2 ice beasts (D:5)
  5 black bears
  2 elephant skeletons (Lair:5)
  10 centaurs
  13 wolves
  A kobold brigand (D:9)
  2 gnoll sergeants
  8 bullfrogs
  4 cane toad simulacra
  3 scorpions
  An elephant simulacrum (IceCv)
  4 killer bees (D:9)
  11 howler monkeys
  2 electric eels (Lair:2)
  7 orc priests
  2 hounds
  5 jellies
  7 iguanas
  A sleepcap (D:5)
  A gnoll bouda (D:5)
  9 orc wizards
  A polar bear simulacrum (IceCv)
  20 gnolls
  7 adders
  4 shadow imps
  A white imp (D:5)
  2 worms (D:4)
  3 dart slugs (D:4)
  34 orcs
  10 bats
  9 endoplasms
  4 giant cockroaches
  8 hobgoblins
  6 jackals
  7 kobolds
  7 quokkas
  7 ball pythons
  5 frilled lizards
  3 goblins
  A rat (D:3)
593 creatures vanquished.

Notes
Turn   | Place    | Note
-------+----------+-------------------------------------------
     0 | D:1      | Flugkiller the Demonspawn Shapeshifter began the quest for
                  | the Orb.
     0 | D:1      | Reached XP level 1. HP: 15/15 MP: 1/1
   203 | D:1      | Discovered your monstrous ancestry.
   203 | D:1      | Gained mutation: You have large cloven feet. [demonic
                  | ancestry]
   203 | D:1      | Reached XP level 2. HP: 20/21 MP: 2/2
   363 | D:1      | Found Huneph's Book Shop.
   588 | D:2      | Gained mutation: You regenerate a little health from kills.
                  | [demonic ancestry]
   588 | D:2      | Reached XP level 3. HP: 27/27 MP: 3/3
  1143 | D:3      | Found a stormy altar of Qazlal.
  1246 | D:3      | Found a hazy altar of Hepliaklqana.
  1360 | D:3      | Gained mutation: You regenerate health from kills. [demonic
                  | ancestry]
  1360 | D:3      | Reached XP level 4. HP: 24/33 MP: 4/4
  1561 | D:3      | Gained mutation: You have sharp fingernails. [demonic
                  | ancestry]
  1561 | D:3      | Reached XP level 5. HP: 33/39 MP: 5/5
  1753 | D:3      | Found an ornate altar of the Wu Jian Council.
  1819 | D:3      | Identified the amulet of Zamal {Spirit rC++ Int-4}
  2209 | D:4      | Found Xum Kagi's Gadget Gallery.
  2260 | D:4      | Found a shimmering blue altar of Sif Muna.
  2260 | D:4      | Found a sparkling altar of Nemelex Xobeh.
  2267 | D:4      | Found a basalt altar of Yredelemnul.
  2293 | D:4      | Found a radiant altar of Vehumet.
  2295 | D:4      | Found an iron altar of Okawaru.
  2664 | D:4      | Reached XP level 6. HP: 42/47 MP: 6/6
  3759 | D:4      | Found Xum Kagi's Gadget Gallery.
  3939 | D:4      | Found a shimmering blue altar of Sif Muna.
  3939 | D:4      | Found a sparkling altar of Nemelex Xobeh.
  3946 | D:4      | Found a basalt altar of Yredelemnul.
  3948 | D:4      | Found a radiant altar of Vehumet.
  3950 | D:4      | Found an iron altar of Okawaru.
  4073 | D:5      | Entered Level 5 of the Dungeon
  4079 | D:5      | Noticed an ice beast
  4123 | D:5      | Killed an ice beast
  4487 | D:5      | Gained mutation: You are partially covered in sharp spines.
                  | [demonic ancestry]
  4487 | D:5      | Reached XP level 7. HP: 54/54 MP: 7/7
  4510 | D:5      | Reached skill level 5 in Dodging
  4531 | D:5      | Found a transporter.
  4531 | D:5      | Identified the +1 scale mail of Sush {rElec rC++ Str-2
                  | SInv}
  5000 | D:5      | Reached skill level 5 in Fighting
  5000 | D:5      | Reached skill level 5 in Unarmed Combat
  5192 | D:5      | Noticed bmj180's ghost (novice MfIE)
  5237 | D:5      | Found a transporter.
  5271 | D:5      | Gained mutation: You have very sharp fingernails. [demonic
                  | ancestry]
  5271 | D:5      | Reached XP level 8. HP: 59/62 MP: 6/8
  5438 | D:6      | Noticed Menkaure
  5447 | D:6      | Killed Menkaure
  5602 | D:6      | Found a staircase to the Ecumenical Temple.
  5646 | D:6      | Reached skill level 5 in Shapeshifting
  6035 | D:7      | Noticed a hornet
  6102 | D:7      | Killed a hornet
  6409 | D:7      | Found Goacedic's Antique Armour Boutique.
  6711 | D:7      | Found a burning altar of Makhleb.
  6857 | D:7      | Gained mutation: You have a pair of small horns on your
                  | head. [demonic ancestry]
  6857 | D:7      | Reached XP level 9. HP: 50/71 MP: 5/9
  7911 | D:9      | Noticed a freezing wraith
  7959 | D:9      | Killed a freezing wraith
  8000 | D:9      | Noticed a two-headed ogre
  8010 | D:9      | Killed a two-headed ogre
  8011 | D:9      | Reached XP level 10. HP: 28/79 MP: 3/10
  8167 | D:9      | Noticed a deep elf pyromancer
  8178 | D:9      | Killed a deep elf pyromancer
  8470 | D:9      | Found Nowot's Assorted Antiques.
  8480 | D:9      | Bought a metallic black potion for 26 gold pieces
  8482 | D:9      | Found Xadaahease's Assorted Antiques.
  8544 | D:9      | Noticed a manticore
  8555 | D:9      | Killed a manticore
  8708 | D:9      | Found a runed translucent door.
  8708 | D:9      | Noticed a white ugly thing
  8708 | D:9      | Noticed initializr's ghost (journeyman OgIE)
  8741 | D:9      | Found Enwymim's Assorted Antiques.
  8830 | D:9      | Bought a scroll of blinking for 180 gold pieces
  8837 | D:9      | Found Jotismij's Magic Scroll Emporium.
  8849 | D:9      | Bought a scroll of blinking for 82 gold pieces
  8929 | D:9      | Found Xoecezux's Antique Armour Shoppe.
  9176 | D:10     | Entered Level 10 of the Dungeon
  9194 | D:10     | Reached skill level 10 in Shapeshifting
  9429 | D:9      | Killed initializr's ghost
  9434 | D:9      | Killed a white ugly thing
  9435 | D:9      | Gained mutation: You have hoof-like feet. [demonic
                  | ancestry]
  9435 | D:9      | Reached XP level 11. HP: 53/84 MP: 9/11
  9568 | D:9      | Identified the +9 plate armour of Xotesut {rN+ Str+3 Int-4
                  | Dex+5}
  9634 | D:10     | Found a sacrificial altar of Ru.
  9634 | D:10     | Noticed Harold
  9642 | D:10     | Killed Harold
  9685 | D:10     | Noticed Fannar
  9709 | D:10     | Killed Fannar
  9867 | Temple   | Entered the Ecumenical Temple
  9874 | Temple   | Became a worshipper of Uskayaw the Reveller
 10035 | D:10     | Found a staircase to the Lair.
 10069 | D:10     | Noticed Psyche
 10075 | D:10     | Reached * piety under Uskayaw
 10076 | D:10     | Reached ** piety under Uskayaw
 10077 | D:10     | Killed Psyche
 10370 | D:11     | Found a gate leading to a gauntlet.
 10387 | D:11     | Reached *** piety under Uskayaw
 10397 | D:11     | Reached **** piety under Uskayaw
 10461 | Gauntlet | Entered a Gauntlet
 10461 | Gauntlet | Found a transporter.
 10465 | Gauntlet | Noticed a fire crab
 10470 | Gauntlet | Found a transporter.
 10473 | Gauntlet | Found a transporter.
 10474 | Gauntlet | Found a transporter.
 10485 | Gauntlet | Found a transporter.
 10486 | Gauntlet | Found a transporter.
 10494 | Gauntlet | Found a transporter.
 10497 | Gauntlet | Found a transporter.
 10498 | Gauntlet | Found a transporter.
 10503 | Gauntlet | Noticed a hell beast
 10507 | Gauntlet | Found a transporter.
 10509 | Gauntlet | Found a transporter.
 10510 | Gauntlet | Found a transporter.
 10515 | Gauntlet | Noticed a quicksilver ooze
 10519 | Gauntlet | Found a transporter.
 10566 | Gauntlet | Found a transporter.
 10609 | Gauntlet | Killed a fire crab
 10609 | Gauntlet | Reached ***** piety under Uskayaw
 10610 | Gauntlet | Reached skill level 10 in Fighting
 10692 | Gauntlet | Reached skill level 1 in Armour
 10817 | Gauntlet | Killed a hell beast
 10818 | Gauntlet | Gained mutation: You regenerate a lot of health from kills.
                  | [demonic ancestry]
 10818 | Gauntlet | Reached XP level 12. HP: 46/97 MP: 5/12
 10933 | Gauntlet | Identified the +1 hat of Ryodemon {rPois Regen+ Str+2}
 10947 | Gauntlet | Killed a quicksilver ooze
 10989 | Gauntlet | Noticed a minotaur
 10995 | Gauntlet | Killed a minotaur
 10996 | Gauntlet | Reached skill level 5 in Armour
 10996 | Gauntlet | Reached skill level 2 in Invocations
 11271 | D:11     | Reached skill level 3 in Invocations
 11355 | D:11     | Reached skill level 4 in Invocations
 11572 | D:11     | Reached skill level 5 in Invocations
 11591 | D:11     | Found a staircase to the Orcish Mines.
 11726 | Lair:1   | Entered Level 1 of the Lair of Beasts
 11739 | Lair:1   | Reached skill level 6 in Invocations
 11834 | Lair:1   | Noticed Amaemon
 11837 | Lair:1   | Reached skill level 7 in Invocations
 11846 | Lair:1   | Reached ****** piety under Uskayaw
 11849 | Lair:1   | Reached skill level 8 in Invocations
 11854 | Lair:1   | Killed Amaemon
 11882 | Lair:1   | Reached skill level 9 in Invocations
 11918 | Lair:1   | Reached skill level 10 in Invocations
 12067 | Lair:1   | Found a frozen archway.
 12093 | IceCv    | Entered an ice cave
 12358 | IceCv    | Gained mutation: You have hooves in place of feet. [demonic
                  | ancestry]
 12358 | IceCv    | Reached XP level 13. HP: 101/104 MP: 19/21
 12364 | IceCv    | Found the +8 frozen axe "Frostbite" {freeze, freezing
                  | cloud, *Noise Fly rC+}
 12379 | IceCv    | Got Xustremao's Writings on the Wendigo
 12383 | IceCv    | Identified the +0 plate armour of Least Resistance
                  | {*Corrode rPois Will+}
 12977 | Lair:1   | Reached skill level 11 in Invocations
 13274 | Lair:2   | Found a snail-covered altar of Cheibriados.
 13755 | Lair:3   | Found a staircase to the Snake Pit.
 13802 | Lair:3   | Found a staircase to the Swamp.
 13888 | Lair:3   | Reached skill level 12 in Invocations
 13999 | Lair:3   | You fall into a shaft and drop 2 floors!
 13999 | Lair:5   | Entered Level 5 of the Lair of Beasts
 14064 | Lair:5   | Found a staircase to the Slime Pits.
 14220 | Lair:4   | Reached skill level 10 in Unarmed Combat
 14241 | Lair:4   | Gained mutation: You have claws for hands. [demonic
                  | ancestry]
 14241 | Lair:4   | Reached XP level 14. HP: 111/115 MP: 23/23
 14529 | Lair:4   | Reached skill level 13 in Invocations
 14998 | Lair:3   | Identified the +0 robe "Ereroisi" {rCorr Str-5 Int-5 Dex+8}
 15035 | Lair:3   | Reached skill level 14 in Invocations
 15529 | Lair:5   | Reached skill level 15 in Invocations
 15615 | Lair:5   | Noticed Snorg
 15622 | Lair:5   | Killed Snorg
 16139 | Lair:5   | Gained mutation: You have a pair of horns on your head.
                  | [demonic ancestry]
 16139 | Lair:5   | Reached XP level 15. HP: 123/123 MP: 26/26
 16616 | D:12     | Found Mudyos's Antique Weapon Emporium.
 16879 | D:12     | Reached skill level 10 in Armour
 16982 | D:13     | Noticed Frances
 16993 | D:13     | Killed Frances
 17101 | D:13     | Noticed Maurice
 17120 | D:13     | Killed Maurice
 17332 | D:13     | Noticed Nessos
 17357 | D:13     | Killed Nessos
 17528 | D:13     | Identified a scroll of acquirement
 17530 | D:13     | Acquired 349 gold pieces
 17871 | D:14     | Identified the +0 short sword "Dyrytan" {flame, *Slow Will+
                  | Int+3 Dex+2}
 17909 | D:14     | Identified the +5 dagger of a ziggurat {antimagic, rPois
                  | rCorr Stlth+}
 18586 | Abyss:2  | Found a corrupted altar of Lugonu.
 18586 | Abyss:2  | Cast into level 2 of the Abyss (a wizard)
 18691 | Abyss:2  | Found a corrupted altar of Lugonu.
 18703 | D:14     | Escaped the Abyss
 18716 | D:14     | Identified the +5 ring mail of Inif {rElec rC+ Int-4 Dex+2}
 18742 | D:14     | Found a gate to the Vaults.
 18763 | D:14     | Identified the +2 dire flail of Ucwiorysm {freeze, rN++
                  | Str-2}
 18920 | D:15     | Entered Level 15 of the Dungeon
 19190 | D:15     | Noticed Jorgrun
 19210 | D:15     | Paralysed by a great orb of eyes for 3 turns
 19220 | D:15     | HP: 6/123 [Jorgrun/+0 heavy quarterstaff (4)]
 19220 | D:15     | Killed from afar by a rakshasa (illusionary)

Illustrated notes

Levels and vault maps discovered:
D:1:      co_arrival_two_rings, layout_basic, serial_shops,
          nicolae_shop_tiny_real_fake_doors
D:2:      layout_basic
D:3:      minmay_inner_zag, layout_loops_corners, nzn_wu_jian_contemplation,
          amcnicky_altar_gilded, grunt_qazlal_sundering, minmay_misc_feat_doors
D:4:      layout_loops_corners, chequers_temple_overflow_minitemple,
          serial_forest, infiniplex_forest_lined_3,
          infiniplex_forest_straight_2, infiniplex_forest_clump_C,
          infiniplex_forest_lined_room_2, infiniplex_forest_pool,
          nicolae_shop_gadgets
D:5:      layout_rooms, gammafunk_ghost_gnarly_gnolls, nrook_pool_corridor,
          kennysheep_generic_room_5
D:6:      layout_basic, temple_pool_b, uniq_menkaure
D:7:      layout_basic, mainiacjoe_overflow_catwalk, serial_shops,
          nicolae_lakefront_shop
D:8:      layout_loops_ring, kennysheep_pointless_box
D:9:      nzn_winding_woodlands_small [nzn_winding_woodlands_5x15_lazy_stream,
          nzn_winding_woodlands_center_pierced_h,
          nzn_winding_woodlands_5x15_default], layout_basic, serial_shops,
          nicolae_shop_tiny_glass, shop, nicolae_shop_trees, shop,
          nicolae_square_shop, ebering_ghost_inner_flame, kennysheep_nub
D:10:     layout_rooms, nicolae_ru_great_annihilating_truth,
          minmay_lair_entry_grove, uniq_harold, uniq_fannar, uniq_psyche
D:11:     layout_roguey, erik_orc_1, gauntlet_entry_generic
D:12:     layout_cave_pools, serial_shops, nicolae_square_shop
D:13:     layout_gridville, nicolae_eternal_life, uniq_maurice, uniq_frances,
          uniq_nessos
D:14:     layout_small_grid, grunt_vaults_entry_fortified, glass_columns_a,
          grunt_ministairs_3, st_stairs_14
D:15:     gammafunk_enter_depths_forms, layout_basic, kennysheep_crisscross,
          uniq_kirke, uniq_jorgrun
Temple:   nicolae_temple_no_exploring_needed
Lair:1:   layout_loops_ring, portal_ice_cave_demonic_guard, minivault_24,
          beast_lair_carwin_1, uniq_amaemon
Lair:2:   layout_chaotic_city, basic_altar, minmay_lair_oklob_items,
          infiniplex_staircase_pool, grunt_megastairs_5, serial_bayou_shore_b,
          serial_bayou_shore_a
Lair:3:   layout_regular_city, skrybe_swamp_entry_bodies,
          minmay_snake_entry_guardpost_medium, grunt_forest_small_clearings,
          pdpol_lair_neglected_garden, nicolae_quartered_pool_impasse,
          grunt_forest_small_clearing_treed
Lair:4:   layout_big_grid, chequers_serial_rivers_micro_c,
          minmay_shattered_shrine, serial_bayou_shore_b
Lair:5:   due_jungle_book, layout_loops_ring, slime_entry_1, st_stairs_10,
          grunt_megastairs_4, lemuel_fruit_tree, uniq_snorg

Skill      XL: |  1  2  3  4  5  6  7  8  9 10 11 12 13 14 15 |
---------------+----------------------------------------------+-----
Unarmed Combat | 3 4 5 8 10 11 13 | 13.0
Shapeshifting  | 3 5 7 10 | 10.0
Fighting       | 2 3 4 5 6 7 10 12 13 | 13.0
Dodging        | 2 3 4 5 6 7 8 |  8.7
Armour         | 4 5 8 9 11 | 11.0
Invocations    | 10 12 15 | 15.0

Action                     |  1- 3 |  4- 6 |  7- 9 | 10-12 | 13-15 || total
---------------------------+-------+-------+-------+-------+-------++-------
  Melee: Unarmed           |    84 |   155 |   197 |   377 |   654 ||  1467
         Kick              |    16 |    43 |    66 |   156 |   304 ||   585
         Punch             |     2 |     4 |     6 |    19 |    55 ||    86
         Headbutt          |       |       |    16 |    80 |   163 ||   259
         Constrict         |       |       |       |     1 |       ||     1
         Maw               |       |       |       |     1 |       ||     1
  Evoke: Wand              |       |       |       |       |     5 ||     5
    Use: Scroll            |     2 |     7 |     5 |     4 |     8 ||    26
         Potion            |       |       |     5 |       |     3 ||     8
   Stab: Sleeping          |     3 |     2 |       |       |       ||     5
         Paralysed         |       |       |       |    18 |    80 ||    98
         Confused          |       |       |       |     1 |       ||     1
         Petrified         |       |       |       |       |     6 ||     6
         Petrifying        |       |       |       |       |     1 ||     1
 Armour: Animal skin       |    16 |    12 |       |       |       ||    28
         Skin              |       |       |    23 |     7 |       ||    30
         Scale mail        |       |       |    43 |       |       ||    43
         Steam dragon scal |       |       |       |    14 |       ||    14
         Plate armour      |       |       |       |   149 |   403 ||   552
  Dodge: Dodged            |    57 |    70 |   132 |   219 |   294 ||   772
   Form: Anaconda          |       |       |       |     1 |       ||     1
         Maw               |       |       |       |     1 |       ||     1
         Beast             |       |       |       |     1 |       ||     1

Table legend: (Time is in decaauts)
 A = Elapsed time spent in this place.
 B = Non-inter-level travel time spent in this place.
 C = Inter-level travel time spent in this place.
 D = Time resting spent in this place.
 E = Time spent auto-exploring this place.
 F = Levels seen in this place.
 G = Mean time per level.
                   A        B        C        D        E       F      G
               +--------+--------+--------+--------+--------+-----+--------+
         Total |  19110 |  17907 |   1203 |   2794 |  11123 |  24 |  796.2 |
       Dungeon |  13638 |  12709 |    929 |   2201 |   8151 |  15 |  909.2 |
        Temple |     14 |      8 |      6 |      0 |      0 |   1 |   14.0 |
          Lair |   4444 |   4177 |    267 |    163 |   2853 |   5 |  888.8 |
         Abyss |    114 |    114 |      0 |      0 |      0 |   1 |  114.0 |
      Ice Cave |    318 |    318 |      0 |    159 |      0 |   1 |  318.0 |
      Gauntlet |    579 |    579 |      0 |    271 |    118 |   1 |  579.0 |
               +--------+--------+--------+--------+--------+-----+--------+

Top non-repeatable levels by time:
     D:4: 2063 daAuts
     D:9: 1554 daAuts
     D:8: 1182 daAuts
     D:3: 1168 daAuts
  Lair:5: 1109 daAuts
     D:5: 1016 daAuts
     D:7: 945 daAuts
  Lair:1: 928 daAuts
    D:14: 926 daAuts
    D:13: 874 daAuts
  Lair:4: 864 daAuts
  Lair:3: 812 daAuts
    D:11: 779 daAuts
     D:6: 769 daAuts
  Lair:2: 730 daAuts
